 Dungeon Sprint DCSS version 0.30.1-11-g7821555f0a (webtiles) character file.

Game seed: 7129383292924705282

239 Groucho the Covert (level 5, 0/30 HPs)
             Began as a Spriggan Enchanter on Dec 22, 2023.
             Succumbed to a scorpion's poison
             ... in the Dungeon (Sprint II: "The Violet Keep of Menkaure").
             The game lasted 00:00:51 (37 turns).

Groucho the Covert (Spriggan Enchanter)               Turns: 37, Time: 00:00:51

Health: 0/30       AC:  2    Str:  4    XL:     5   Next: 79%
Magic:  8/13       EV: 19    Int: 18    God:
Gold:   0          SH:  0    Dex: 16    Spells: 14/14 levels left

rFire   . . .        a - +1 dagger
rCold   . . .        (no shield)
rNeg    . . .        b - +0 robe
rPois   .            (helmet restricted)
rElec   .            (no cloak)
rCorr   .            (gloves unavailable)
SInv    +            (boots unavailable)
Will    .....        (no amulet)
Stlth   +++++        (no ring)
HPRegen 0.25/turn    (no ring)
MPRegen 0.13/turn

%: no teleportation
@: lethally poisoned (0 -> -8), on berserk cooldown, hasted and slowed,
invisible, very quick
A: very small, no large weapons, unfitting armour, see invisible, speed 3
a: no special abilities


You were in the Dungeon.
You visited 1 branch

Inventory:

Hand Weapons
 a - a +1 dagger (weapon)
Armour
 b - a +0 robe (worn)
Scrolls
 i - a scroll of blinking
Potions
 c - a potion of invisibility
 e - a potion of heal wounds
 g - 2 potions of magic


   Skills:
 - Level 5.0 Fighting
 - Level 5.0 Short Blades
 - Level 5.0 Dodging
 + Level 12.2 Stealth
 - Level 5.0 Spellcasting
 - Level 5.0 Hexes


You had 14 spell levels left.
You didn't know any spells.
Your spell library contained the following spells:

 Spells                   Type           Power      Damage    Failure   Level
 Confusing Touch          Hex            22%        N/A       4%          3
 Tukima's Dance           Hex            22%        N/A       4%          3
 Ensorcelled Hibernation  Hex/Ice        26%        N/A       7%          2
 Dazzling Flash           Conj/Hex       26%        N/A       14%         3


Dungeon Overview and Level Annotations

Branches:
Dungeon (1/1)

Altars:


Innate Abilities, Weirdness & Mutations

You are very small and have problems with some larger weapons.
You are too small for most types of armour.
You have supernaturally acute eyesight. (SInv)
You cover ground extremely quickly. (Speed+++)


Message History

* * * LOW HITPOINT WARNING * * *
You feel sick.
You closely miss the scorpion.
You feel sick. The scorpion completely misses you. x2
You puncture the scorpion!
The scorpion is severely wounded.
You feel sick. The scorpion misses you. The scorpion closely misses you.
You closely miss the scorpion.
The scorpion is severely wounded.
You feel sick. The scorpion stings you.
* * * LOW HITPOINT WARNING * * *
You are lethally poisoned!
The scorpion poisons you! The scorpion closely misses you.
You puncture the scorpion!
You kill the scorpion!
* * * LOW HITPOINT WARNING * * *
You feel sick.
Training target 5.0 for Short Blades reached!
Your Fighting skill increases to level 4!
Your Short Blades skill increases to level 5!
Your Stealth skill gained 3 levels and is now at level 10!
You have reached level 5!
You feel agile.
You catch the helpless scorpion completely off-guard!
You impale the scorpion!!
You kill the scorpion!
* * * LOW HITPOINT WARNING * * *
You feel sick.
Training target 5.0 for Fighting reached!
Your Fighting skill increases to level 5!
Your Stealth skill gained 2 levels and is now at level 12!
Unknown command.
* * * LOW HITPOINT WARNING * * *
You feel sick.
Unknown command.
You feel a strong urge to attack something.
You are no longer berserk.
You are exhausted.
You feel yourself slow down.
You die...

## ##
##. .##
#.†#†.#
#@# #'#
##.##
+.<.+
##.##
#+#


There were no monsters in sight!

Vanquished Creatures
  4 scorpions (D)
4 creatures vanquished.

Notes
Turn   | Place    | Note
-------+----------+-------------------------------------------
     0 | D        | Groucho the Spriggan Enchanter began the quest for the Orb.
     0 | D        | Reached XP level 1. HP: 9/9 MP: 5/5
     3 | D        | Noticed a scorpion
     3 | D        | Noticed a scorpion
     5 | D        | Noticed a scorpion
     5 | D        | Noticed a scorpion
    10 | D        | Killed a scorpion
    11 | D        | Reached skill level 6 in Stealth
    11 | D        | Reached skill level 5 in Hexes
    11 | D        | Reached XP level 2. HP: 15/15 MP: 6/8
    11 | D        | Reached XP level 3. HP: 18/18 MP: 6/9
    26 | D        | Killed a scorpion
    27 | D        | Reached skill level 5 in Dodging
    27 | D        | Reached skill level 7 in Stealth
    27 | D        | Reached skill level 5 in Spellcasting
    27 | D        | Reached XP level 4. HP: 24/25 MP: 8/12
    34 | D        | Killed a scorpion
    35 | D        | Reached skill level 5 in Short Blades
    35 | D        | Reached skill level 10 in Stealth
    35 | D        | Reached XP level 5. HP: 6/30 MP: 8/13
    36 | D        | Reached skill level 5 in Fighting
    36 | D        | Reached skill level 12 in Stealth
    36 | D        | HP: 2/45 [poisoned by a scorpion]
    37 | D        | Succumbed to a scorpion's poison

Illustrated notes

Levels and vault maps discovered:
D:        the_violet_keep_of_menkaure [sprint2_stairs_cluster_1,
          sprint2_shoproom, sprint2_temple, sprint2_basic_supplies,
          sprint2_obstacle_5, sprint2_obstacle_1, sprint2_obstacle_4,
          sprint2_obstacle_3, sprint2_obstacle_2, sprint2_timed_cluster_1,
          sprint2_smallroom_cluster_1, sprint2_smallroom_final_cluster_1,
          sprint2_transparent_cluster_1, sprint2_second_timed_cluster_1,
          sprint2_sniper_area_1, sprint2_heavy_combat_area_1,
          sprint2_mutation_trap_area_1, sprint2_forest_area_1,
          sprint2_light_combat_area_1, sprint2_behind_water_1,
          sprint2_near_end_vault_1]

Skill      XL: |  1  2  3  4  5 |
---------------+----------------+-----
Fighting       | 2 3 4 5 |  5.0
Short Blades   | 3 4 5 |  5.0
Dodging        | 4 5 |  5.0
Stealth        | 6 7 10 12 | 12.2
Spellcasting   | 4 5 |  5.0
Hexes          | 5 |  5.0

Action                     |  1- 3 |  4- 6 || total
---------------------------+-------+-------++-------
  Melee: Dagger            |    19 |     9 ||    28
    Use: Potion            |     4 |       ||     4
   Stab: Sleeping          |     1 |       ||     1
         Invisible         |     1 |     1 ||     2
 Armour: Robe              |     2 |       ||     2
  Dodge: Dodged            |    20 |     7 ||    27
